 Dungeon Crawl Stone Soup version 0.30.1-3-gfc49f6343a (webtiles) character file.

Game seed: 9927468463896783856

1381999 Pepete the Minotaur Barricade (level 25, 230/230 (231) HPs)
             Began as a Minotaur Berserker on July 25, 2023.
             Was a High Priest of Trog.
             Escaped with the Orb
             ... and 3 runes on July 26, 2023!
             The game lasted 02:43:25 (102278 turns).

Pepete the Minotaur Barricade (MiBe)              Turns: 102278, Time: 02:43:25

HP:   230/230 (231) AC: 43    Str: 63 (64) XL:     25   Next: 67%
MP:   22/22         EV: 25    Int:  2      God:    Trog [*****.]
Gold: 4851          SH: 30    Dex: 17      Spells: 24/24 levels left

rFire   + . .        B - +1 broad axe "Horre" {heavy, Drain +Blink rElec Str+8}
rCold   + . .        C - +4 tower shield
rNeg    . . .        g - +9 gold dragon scales
rPois   +            N - +2 hat "Jayrooho" {-Cast rCorr Slay+6 Stlth+}
rElec   +            j - +1 cloak of Bedevilment {Str+7 Int+2 Dex+2}
rCorr   +            o - +2 pair of gloves {Str+3}
SInv    .            s - +2 pair of boots {rampage}
Will    +++..        d - necklace of Bloodlust {Fury *Rage Will++ Int-3 Slay+6} Stlth
                     E - +6 ring of strength
HPRegen 0.58/turn    p - ring of the Durable Peach {EV+5 Str+8 Int+3 Dex+3 Stlth-}
MPRegen 0.18/turn

%: no spellcasting, random rage (53%), rampage
@: lightly drained
A: horns 2, retaliatory headbutt, berserk 1, deformed body, deterioration 2,
dopey 2, frail 1
0: Orb of Zot
}: 3/15 runes: barnacled, silver, gossamer
a: Renounce Religion, Evoke Blink, Berserk, Trog's Hand, Brothers in Arms


You escaped.
You worshipped Trog.
Trog was extremely pleased with you.
You visited 10 branches of the dungeon, and saw 51 of its levels.
You also visited: Ice Cave.

You collected 8217 gold pieces.
You spent 3366 gold pieces at shops.

Inventory:

Hand Weapons
 n - the +4 broad axe of Puomagg {heavy, rF+ rCorr Dex+2 Stlth+}
   (Trog gifted it to you on level 5 of the Vaults)

   Dex:       It affects your dexterity (+2).
   rF:        It protects you from fire.
   rCorr:     It protects you from acid and corrosion.
   Stlth:     It makes you more stealthy.
 w - the +10 dark maul {heavy}
   (You found it on level 9 of the Dungeon)
 B - the +1 broad axe "Horre" (weapon) {heavy, Drain +Blink rElec Str+8}
   (You found it on level 9 of the Dungeon)

   Str:       It affects your strength (+8).
   rElec:     It insulates you from electricity.
   +Blink:    It lets you blink.
   Drain:     It drains your maximum health when unequipped.
 I - the +10 trident of Taxation {venom, Int+6}
   (You took it off a skeletal warrior on level 12 of the Dungeon)

   Int:       It affects your intelligence (+6).
 J - a +8 heavy demon whip
Missiles
 F - 6 throwing nets (quivered)
Armour
 g - +9 gold dragon scales (worn)
 j - the +1 cloak of Bedevilment (worn) {Str+7 Int+2 Dex+2}
   (You acquired it on level 12 of the Dungeon)

   Str:       It affects your strength (+7).
   Int:       It affects your intelligence (+2).
   Dex:       It affects your dexterity (+2).
 o - a +2 pair of gloves of strength (worn)
 s - a +2 pair of boots of rampaging (worn)
 C - a +4 tower shield (worn)
 N - the +2 hat "Jayrooho" (worn) {-Cast rCorr Slay+6 Stlth+}
   (You acquired it on level 2 of the Depths)

   Slay:      It affects your accuracy & damage with ranged weapons and melee
   (+6).
   -Cast:     It prevents spellcasting.
   rCorr:     It protects you from acid and corrosion.
   Stlth:     It makes you more stealthy.
Jewellery
 c - a +5 ring of evasion
 d - the necklace of Bloodlust (around neck) {Fury *Rage Will++ Int-3 Slay+6}
   (You bought it in a shop on level 2 of the Orcish Mines)

   [amulet of nothing]

   Fury:      It extends the wearer's berserk rage when killing foes.
   Int:       It affects your intelligence (-3).
   Slay:      It affects your accuracy & damage with ranged weapons and melee
   (+6).
   *Rage:     It berserks you when you make melee attacks (+50% chance).
   Will:      It greatly increases your willpower.
 p - the ring of the Durable Peach (right hand) {EV+5 Str+8 Int+3 Dex+3 Stlth-}
   (You acquired it on level 2 of the Spider Nest)

   [ring of evasion]

   EV:        It affects your evasion (+5).
   Str:       It affects your strength (+8).
   Int:       It affects your intelligence (+3).
   Dex:       It affects your dexterity (+3).
   Stlth:     It makes you less stealthy.
 x - an amulet of reflection
 A - a +6 ring of intelligence
 E - a +6 ring of strength (left hand)
Wands
 a - a wand of mindburst (50)
 m - a wand of polymorph (35)
 r - a wand of digging (6)
 D - a wand of light (29)
 G - a wand of flame (30)
 H - a wand of roots (48)
 Q - a wand of charming (43)
Scrolls
 b - 31 scrolls of identify
 f - a scroll of magic mapping
 i - 3 scrolls of poison
 l - 7 scrolls of fear
 q - a scroll of blinking
 t - 19 scrolls of teleportation
 y - 9 scrolls of fog
 K - 2 scrolls of butterflies
 R - a scroll of enchant armour
 T - 2 scrolls of brand weapon
 X - a scroll of silence
Potions
 e - 25 potions of curing
 h - 13 potions of flight
 k - 14 potions of might
 u - 5 potions of magic
 v - 11 potions of cancellation
 z - 2 potions of haste
 L - 3 potions of resistance
 P - 5 potions of heal wounds
 U - 4 potions of berserk rage
 Y - 4 potions of invisibility
 Z - 4 potions of ambrosia


   Skills:
 O Level 27 Fighting
 + Level 26.3 Axes
 O Level 27 Armour
 * Level 19.0 Dodging
 O Level 27 Shields
 + Level 8.5 Evocations


You had 24 spell levels left.
You didn't know any spells.
Your spell library was empty.

Dungeon Overview and Level Annotations

Branches:
Dungeon (15/15)            Temple (0/1) D:6            Lair (5/5) D:10
 Shoals (4/4) Lair:2       Spider (4/4) Lair:3        Slime (4/5) Lair:4
    Orc (2/2) D:9             Elf (0/3) Orc:2        Vaults (5/5) D:14
  Crypt (3/3) Vaults:3       Tomb (0/3) Crypt:3      Depths (4/4) D:15
    Zot (5/5) Depths:4      IceCv (visited)

Altars:
Cheibriados
Dithmenos
Gozag
Kikubaaqudgha
Trog
Yredelemnul
The Shining One
Jiyva

Shops:
D:1 [   D:4 *   D:15 *   Orc:1 (   Orc:2 *[[=   Vaults:2 *([(   Vaults:5 :
Depths:3 *?!:   Depths:4 [*

Portals:
Hell: Depths:1 Depths:2 Depths:3 Depths:4
Abyss: Depths:1 Depths:3
Pandemonium: Orc:2 Depths:2
Ziggurat: Depths:3
Trove: Vaults:3 (give 8 potions of haste)

Annotations:
Lair:1 3 runed translucent doors, Squincus's ghost, journeyman MiHu
Lair:2 3 runed translucent doors, jujuben's ghost, journeyman TrHW
Lair:3 3 runed translucent doors, cheesebisquit's ghost, journeyman TrFi
Lair:5 2 runed translucent doors
Vaults:1 36 runed doors
Depths:2 exclusion: 2 statues
Zot:3 3 runed translucent doors, Ikkusishu's ghost, adept MeHs; Jiorhin's ghost, legendary TrBe


Innate Abilities, Weirdness & Mutations

You have a pair of horns on your head.
You reflexively headbutt those who attack you in melee.
You sometimes lose your temper in combat.
Armour fits poorly on your strangely shaped body.
Your body often deteriorates upon taking damage.
You are very dopey. (Int -4)
You are frail. (-10% HP)


Message History

You climb upwards.
There is a stone staircase leading down here.
There is a stone staircase leading up here.
You climb upwards.
There is a stone staircase leading down here.
There is a stone staircase leading up here.
You climb upwards.
There is a stone staircase leading down here.
A reaper comes into view.
It is wielding a +0 scythe of protection.
You block the reaper's attack. The reaper attacks as you move away!
You block the reaper's attack. x2
There is an escape hatch in the ceiling here.
You block the reaper's attack. A mysterious force pulls you upwards.
The hatch slams shut behind you.
You enter the shallow water.
Moving in this stuff is going to be slow.
There is an escape hatch in the ceiling here.
A mysterious force pulls you upwards. The hatch slams shut behind you.
There is a stone staircase leading up here.
You climb upwards.
There is a stone staircase leading down here.
There is a stone staircase leading up here.
You climb upwards.
There is a stone staircase leading down here.
There is an open door here.
Aiming: Dig
Press: ? - help, Shift-Dir - straight line A rock wall.
This square is covered in magical glow.
The rock shatters into small pieces.
There is a staircase leading out of the dungeon here.
Okay, then.
There is nothing left to identify.
Unknown command.
Unknown command.
Unknown command.
Something appears at your feet!
You now have 4851 gold pieces (gained 1195).
You can't go down here!
You have escaped!

..# #...............#########
..### #.#############.#........
....#####.#...........#.#........
.##.[.....#.####.####.#.#........
.######.#.#.#.......#.#..........
..#####.#.#.#.#####.#.#.#.)......
.......##.#.#.#...#.#.#.#........
.#####..#.#.#.#...#.#.#.#........
...>#####.'.....@.#.#.'.#........
.##..##.#.#.#.#...#.#.#.#########
.###....#.#.#.#...#.#.#.# .#
####.#.#.#.#####.#.#.# .#
###...#.#.......#.#.########
.####...#.#.####.####.#....#...#
.......##.#:..........#.##.....#
..#.#.###.#############.####...#
.##.#.# #...............#.....)#


There were no monsters in sight!

Vanquished Creatures
  Dissolution (Slime:2)
  A dread lich (Vaults:5)
  3 ancient liches
  8 orbs of fire
  A juggernaut (Depths:1)
  Josephina (Depths:2)
  4 Killer Klowns (Zot:5)
  Parghit (Depths:4)
  Sojobo (Vaults:2)
  Bai Suzhen (Crypt:3)
  Xtahua (Vaults:4)
  2 curse toes
  5 golden dragons
  2 bone dragons
  2 doom hounds
  Arachne (Spider:4)
  2 electric golems
  Jorgrun (Spider:3)
  9 tentacled monstrosities
  A Tzitzimitl (Depths:1)
  3 hellephants (Depths:2)
  Asterion (Spider:4)
  Mlioglotl (Spider:3)
  A Hell Sentinel (Zot:5)
  2 walking crystal tomes (Depths:3)
  25 Orb Guardians
  Rupert (Lair:2)
  4 liches
  4 titans (Vaults:5)
  2 quicksilver dragons
  Grunn (Depths:4)
  5 acid blobs
  An acid blob (shapeshifter) (Depths:2)
  Gastronok (Lair:3)
  6 death cobs
  3 ancient champions
  5 sphinxes
  5 tengu reavers
  10 storm dragons
  7 shadow dragons
  Kirke (Spider:4)
  6 revenants
  5 draconian monks
  3 azure jellies
  A daeva (Depths:2)
  5 rockslimes
  A nargun (Depths:3)
  6 fire giants
  2 draconian knights (Zot:4)
  9 draconian scorchers
  A deep elf sorcerer (Vaults:5)
  Louise (Shoals:3)
  9 ghost moths
  3 iron dragons
  10 frost giants
  5 emperor scorpions
  5 draconian shifters
  A caustic shrike zombie (Crypt:1)
  A spectral caustic shrike (Crypt:3)
  3 curse skulls
  16 vault wardens
  2 orc warlords (Vaults:2)
  6 draconian annihilators
  15 ghouls
  3 broodmothers (Spider:2)
  12 stone giants
  7 spriggan defenders
  16 ironbound preservers
  6 reapers
  3 war gargoyles
  7 quicksilver oozes
  23 very ugly things
  A cacodemon (Depths:1)
  12 ironbound thunderhulks
  9 green draconians
  5 vampire knights
  2 minotaurs (Shoals:4)
  2 putrid mouths
  2 deep elf demonologists (Vaults:5)
  8 deep elf annihilators
  7 white draconians
  6 yellow draconians
  11 purple draconians
  12 spark wasps
  6 black draconians
  9 red draconians
  9 ettins
  2 merfolk javelineers
  12 dire elephants
  9 eidola
  7 jiangshi
  8 fire dragons
  3 merfolk impalers
  2 deep elf high priests (Vaults:5)
  A crystal guardian (Vaults:2)
  6 entropy weavers
  20 yaktaur captains
  2 spectral spriggans (Crypt:3)
  2 peacekeepers
  18 great orbs of eyes
  9 ice dragons
  25 vault guards
  Erolcha (D:12)
  4 radroaches
  5 hydras
  4 ogre magi
  4 salamander tyrants (Depths:2)
  5 boulder beetles
  11 spriggan air magi
  A spriggan skeleton (Crypt:1)
  2 death knights
  3 jorogumos
  2 catoblepae
  9 two-headed ogres
  7 satyrs (Shoals:4)
  4 dancing weapons
  A merfolk avatar (Shoals:3)
  3 demonspawn (Orc:2)
  2 merfolk aquamancers (Shoals:1)
  12 centaur warriors
  5 deep troll earth magi
  11 ironbound frosthearts
  9 hell hogs (Depths:2)
  6 death yaks
  7 orc high priests
  10 vampire magi
  Urug (D:12)
  2 deep troll shamans (Depths:2)
  An emperor scorpion zombie (Crypt:3)
  9 tengu warriors
  12 hell knights
  7 spriggan berserkers
  A sun demon (Depths:1)
  Amaemon (D:10)
  A fire crab (Lair:5)
  A titan skeleton (Depths:2)
  4 soul eaters
  12 spriggans
  An iron troll (Depths:3)
  13 shadow wraiths (Crypt:3)
  A fire crab (shapeshifter) (Vaults:4)
  A sixfirhy (Depths:1)
  3 skysharks
  16 skeletal warriors
  4 sun moths
  4 pharaoh ants
  A spectral bunyip (Crypt:3)
  2 glowing orange brains
  10 sea snakes
  16 orb spiders
  26 deep trolls
  A sea snake (shapeshifter) (Depths:3)
  3 flayed ghosts
  10 orc knights
  13 wizards
  An obsidian statue (Zot:5)
  A deep elf archer (D:15)
  13 ironbound convokers
  42 phantasmal warriors
  6 steelbarb worms
  5 bog bodies
  A steelbarb worm (shapeshifter) (Depths:3)
  7 lindwurms
  13 harpies
  9 necromancers
  A shining eye (shapeshifter) (Vaults:5)
  An anaconda skeleton (Crypt:1)
  7 fauns
  22 wolf spiders
  An oklob plant (D:10)
  A spectral ettin (Crypt:3)
  2 shining eyes
  20 ugly things
  A faun (shapeshifter) (Depths:3)
  9 orc sorcerers
  2 sphinx skeletons (Depths:2)
  17 moths of wrath
  8 cyclopes
  8 large abominations
  12 manticores
  5 elephants (Lair:4)
  9 centaur zombies
  A moth of wrath (shapeshifter) (Vaults:5)
  A rust devil (Orc:2)
  5 demonic crawlers
  6 black mambas
  9 vault sentinels
  7 merfolk sirens
  An orange demon (D:10)
  An eye of devastation (Slime:3)
  3 ice statues
  A smoke demon (Depths:1)
  7 water nymphs
  2 molten gargoyles (Lair:5)
  5 cane toads
  10 torpor snails
  A black draconian zombie (Crypt:2)
  9 komodo dragons
  An efreet (D:13)
  An unseen horror (D:12)
  A kobold demonologist (D:12)
  A tormentor (Depths:3)
  A rime drake (Lair:5)
  28 yaktaurs
  9 freezing wraiths
  A golden dragon simulacrum (Depths:2)
  8 ice devils (IceCv)
  An alligator snapping turtle skeleton (Crypt:1)
  2 guardian mummies (Crypt:1)
  A queen bee (shapeshifter) (D:12)
  A polar bear (Lair:4)
  6 trolls
  A red devil (Orc:2)
  Grinder (D:3)
  2 meliai (Spider:4)
  17 merfolk
  A harpy skeleton (Crypt:1)
  8 wind drakes
  26 blink frogs
  A deep troll zombie (Vaults:2)
  16 hornets
  14 tarantellas
  A death drake skeleton (Crypt:1)
  14 dream sheep
  68 slime creatures
  9 flying skulls (Crypt:3)
  A spectral black mamba (Crypt:3)
  An elf zombie (Vaults:2)
  33 jumping spiders
  A meliai zombie (D:11)
  9 snapping turtles
  5 vampires
  10 water elementals
  A satyr skeleton (Crypt:2)
  14 shadows
  6 wyverns
  16 culicivoras
  34 yaks
  20 wraiths
  A human simulacrum (Vaults:2)
  A steam dragon (Lair:5)
  7 basilisks
  A neqoxec (Orc:2)
  38 redbacks
  2 vampire mosquitoes (D:14)
  A catoblepas simulacrum (Crypt:1)
  A wind drake skeleton (Crypt:3)
  Edmund (D:5)
  5 wargs (Orc:2)
  Menkaure (D:5)
  2 harpy simulacra
  Duvessa (D:5)
  10 water moccasins
  A hydra simulacrum (IceCv)
  An entropy weaver zombie (Crypt:3)
  5 hell hounds (Lair:5)
  A merfolk skeleton (Crypt:3)
  A glowing shapeshifter skeleton (Depths:2)
  A floating eye (Depths:1)
  A two-headed ogre skeleton (Crypt:2)
  2 ice beasts
  2 sky beasts (D:7)
  33 orc warriors
  3 black bears
  A black mamba simulacrum (Crypt:1)
  A tengu (shapeshifter) (D:12)
  11 ogres
  A manticore zombie (Crypt:3)
  8 wolves (Lair:5)
  14 centaurs
  2 phantoms (D:5)
  A kobold brigand (D:8)
  Blork the orc (D:5)
  7 bullfrogs
  7 small abominations (D:9)
  3 human zombies
  6 necrophages
  A gnoll sergeant (D:9)
  4 scorpions
  A wyvern zombie (Crypt:2)
  3 two-headed ogre simulacra (IceCv)
  A cane toad simulacrum (IceCv)
  13 wights
  Dowan (D:5)
  2 queen bee zombies
  A swamp dragon simulacrum (Crypt:1)
  An elephant simulacrum (IceCv)
  A killer bee (shapeshifter) (D:12)
  6 killer bees (D:9)
  3 electric eels
  A raiju skeleton (Crypt:2)
  3 howler monkeys (D:11)
  A yak skeleton (Crypt:1)
  A wolf zombie (Crypt:2)
  2 jellies (Lair:4)
  4 lava snakes (Lair:5)
  A wolf skeleton (Crypt:2)
  24 orc priests
  A gnoll bouda (D:4)
  2 hounds
  3 iguanas
  A sleepcap (D:4)
  A black bear skeleton (Crypt:2)
  A human skeleton (Crypt:1)
  28 orc wizards
  4 spriggan simulacra (IceCv)
  2 polar bear simulacra (IceCv)
  A wolf simulacrum (IceCv)
  A sky beast zombie (Crypt:1)
  A tengu skeleton (Crypt:2)
  A hound zombie (Crypt:1)
  5 mummies (Crypt:1)
  A howler monkey zombie (D:11)
  9 gnolls
  7 adders
  3 naga simulacra (IceCv)
  A steam dragon zombie (Crypt:1)
  A swamp drake skeleton (Crypt:1)
  3 shadow imps
  4 white imps
  4 ufetubi
  A lava snake skeleton (Crypt:3)
  A worm (D:9)
  2 dart slugs (D:1)
  62 orcs
  6 ball pythons
  3 bats (D:1)
  8 endoplasms
  4 giant cockroaches
  9 hobgoblins
  8 jackals
  A quokka (D:1)
  4 frilled lizards
  9 goblins
  9 kobolds
  A kobold skeleton (Crypt:2)
  6 rats
  A river rat skeleton (Crypt:3)
  2 butterflies
  2 spectral weapons (Spider:4)
2032 creatures vanquished.

Vanquished Creatures (others)
  A frost giant (Vaults:5)
  A spriggan zombie (Depths:2)
  A juggernaut simulacrum (Depths:2)
  A phantasmal warrior (Depths:2)
  A spark wasp simulacrum (Depths:2)
  A golden dragon simulacrum (Depths:2)
  A tengu simulacrum (Depths:2)
  A meliai (Spider:4)
  An iron dragon simulacrum (Depths:2)
  3 water elementals (Depths:4)
  3 humans (Spider:4)
  A ball lightning (Zot:5)
16 creatures vanquished.

Grand Total: 2048 creatures vanquished

Notes
Turn   | Place    | Note
-------+----------+-------------------------------------------
     0 | D:1      | Pepete the Minotaur Berserker began the quest for the Orb.
     0 | D:1      | Reached XP level 1. HP: 19/19 MP: 0/0
    67 | D:1      | Reached XP level 2. HP: 23/27 MP: 1/1
   308 | D:1      | Reached XP level 3. HP: 33/33 MP: 2/2
   352 | D:1      | Reached ** piety under Trog
   405 | D:1      | Found Poysa's Antique Armour Boutique.
  1069 | D:3      | Found a faded altar of an unknown god.
  1396 | D:3      | Noticed Grinder
  1396 | D:3      | Paralysed by Grinder for 2 turns
  1413 | D:3      | Paralysed by Grinder for 4 turns
  1418 | D:3      | Killed Grinder
  1419 | D:3      | Reached skill level 5 in Fighting
  1419 | D:3      | Reached skill level 5 in Axes
  1419 | D:3      | Reached XP level 4. HP: 42/42 MP: 3/3
  1419 | D:3      | Reached XP level 5. HP: 48/48 MP: 4/4
  1419 | D:3      | Reached XP level 6. HP: 56/56 MP: 5/5
  1766 | D:4      | Reached skill level 5 in Armour
  2494 | D:4      | Reached *** piety under Trog
  2746 | D:4      | Found Nuunn's Gadget Gallery.
  2874 | D:4      | Found a glowing golden altar of the Shining One.
  3047 | D:5      | Entered Level 5 of the Dungeon
  3085 | D:5      | Noticed Duvessa
  3085 | D:5      | Noticed Dowan
  3093 | D:5      | Killed Duvessa
  3094 | D:5      | Reached XP level 7. HP: 64/64 MP: 6/6
  3096 | D:5      | Killed Dowan
  4056 | D:5      | Noticed Blork the orc
  4059 | D:5      | Killed Blork the orc
  4364 | D:5      | Noticed Edmund
  4373 | D:5      | Killed Edmund
  4374 | D:5      | Reached XP level 8. HP: 55/73 MP: 7/7
  4865 | D:5      | Noticed Menkaure
  4872 | D:5      | Killed Menkaure
  5843 | D:6      | Found a staircase to the Ecumenical Temple.
  6042 | D:6      | Found an ancient bone altar of Kikubaaqudgha.
  6056 | D:6      | Reached skill level 1 in Shields
  6100 | D:6      | Reached XP level 9. HP: 82/82 MP: 8/8
  6381 | D:6      | Found a bloodstained altar of Trog.
  8488 | D:8      | Reached skill level 10 in Fighting
  8494 | D:8      | Reached skill level 10 in Axes
  8855 | D:8      | Paralysed by a hornet for 1 turns
  8860 | D:8      | Paralysed by a hornet for 1 turns
  8862 | D:8      | Reached skill level 5 in Shields
  8862 | D:8      | Reached XP level 10. HP: 27/93 MP: 9/9
  9324 | D:8      | Reached **** piety under Trog
  9848 | D:8      | Reached skill level 10 in Armour
 10943 | D:8      | You fall into a shaft and drop 1 floor!
 11199 | D:9      | Paralysed by a hornet for 1 turns
 11206 | D:9      | Paralysed by a hornet for 1 turns
 11423 | D:9      | Found a snail-covered altar of Cheibriados.
 11446 | D:9      | Found a staircase to the Orcish Mines.
 12241 | D:9      | Noticed a wizard
 12250 | D:9      | Killed a wizard
 12293 | D:9      | Noticed a large abomination
 12293 | D:9      | Noticed a large abomination
 12343 | D:9      | Killed a large abomination
 13024 | D:9      | Noticed a large abomination
 13032 | D:9      | Killed a large abomination
 13033 | D:9      | Reached XP level 11. HP: 52/102 MP: 10/10
 13371 | D:9      | Found the +10 dark maul {heavy}
 13375 | D:9      | Identified the +1 broad axe "Horre" {heavy, Drain +Blink
                  | rElec Str+8}
 13441 | D:9      | Killed a large abomination
 13975 | D:10     | Entered Level 10 of the Dungeon
 14178 | D:10     | Noticed Amaemon
 14185 | D:10     | Killed Amaemon
 14416 | D:10     | Found a staircase to the Lair.
 14422 | D:10     | Noticed an oklob plant
 14434 | D:10     | Killed an oklob plant
 14863 | D:11     | Noticed a two-headed ogre
 14869 | D:11     | Killed a two-headed ogre
 15115 | D:11     | Noticed a two-headed ogre
 15145 | D:11     | Killed a two-headed ogre
 15966 | D:10     | Reached XP level 12. HP: 74/113 MP: 11/11
 16883 | D:11     | Reached skill level 10 in Shields
 17797 | Lair:1   | Entered Level 1 of the Lair of Beasts
 17800 | Lair:1   | Found a runed translucent gate.
 17800 | Lair:1   | Found a runed translucent gate.
 17800 | Lair:1   | Found a runed translucent gate.
 17801 | Lair:1   | Noticed Squincus's ghost (journeyman MiHu)
 18318 | Lair:1   | Found a frozen archway.
 18427 | IceCv    | Entered an ice cave
 19932 | IceCv    | Noticed a reaper
 19940 | IceCv    | Killed a reaper
 21973 | Lair:2   | Found a staircase to the Shoals.
 22507 | Lair:2   | Reached XP level 13. HP: 100/124 MP: 12/12
 23039 | Lair:2   | Found a runed translucent gate.
 23039 | Lair:2   | Found a runed translucent gate.
 23039 | Lair:2   | Found a runed translucent gate.
 23041 | Lair:2   | Noticed jujuben's ghost (journeyman TrHW)
 23336 | Lair:2   | Found a viscous altar of Jiyva.
 23459 | Lair:3   | Found a hole to the Spider Nest.
 23578 | Lair:3   | Noticed Gastronok
 23591 | Lair:3   | Killed Gastronok
 24094 | Lair:3   | Reached ***** piety under Trog
 24447 | Lair:3   | Found a runed translucent gate.
 24448 | Lair:3   | Found a runed translucent gate.
 24449 | Lair:3   | Found a runed translucent gate.
 24457 | Lair:3   | Noticed cheesebisquit's ghost (journeyman TrFi)
 24461 | Lair:3   | Noticed Rupert
 24477 | Lair:3   | Paralysed by Rupert for 4 turns
 24489 | Lair:2   | Killed Rupert
 25067 | Lair:4   | Reached skill level 15 in Fighting
 25067 | Lair:4   | Reached skill level 15 in Axes
 25073 | Lair:4   | Reached skill level 15 in Armour
 25661 | Lair:4   | Found a staircase to the Slime Pits.
 25777 | Lair:4   | Found a viscous altar of Jiyva.
 25912 | Lair:4   | Found an ancient bone altar of Kikubaaqudgha.
 26244 | Lair:4   | Received a gift from Trog
 26481 | Lair:5   | Entered Level 5 of the Lair of Beasts
 26484 | Lair:5   | Identified the +0 chain mail of Theory {rN+ Will- Str+2}
 26868 | Lair:5   | Reached XP level 14. HP: 107/135 MP: 13/13
 27431 | Lair:5   | Found a shadowy altar of Dithmenos.
 29186 | Lair:5   | Found a large runed translucent door.
 29187 | Lair:5   | Found a large runed translucent door.
 29777 | D:12     | Noticed Urug
 29785 | D:12     | Killed Urug
 29875 | D:12     | Reached skill level 1 in Evocations
 29875 | D:12     | Identified the +10 trident of Taxation {venom, Int+6}
 31204 | D:12     | Noticed Erolcha
 31211 | D:12     | Killed Erolcha
 32595 | Orc:1    | Entered Level 1 of the Orcish Mines
 32603 | Orc:1    | Received a gift from Trog
 32949 | Orc:1    | Paralysed by an orc sorcerer for 3 turns
 33323 | Orc:1    | Found a transporter.
 33366 | Orc:1    | Found Ebeeh's Antique Weapon Shoppe.
 33368 | Orc:1    | Found a transporter.
 33452 | Orc:2    | Entered Level 2 of the Orcish Mines
 33787 | Orc:2    | Found Boqo's General Store.
 33814 | Orc:2    | Gained mutation: You are dopey. (Int -2) [a neqoxec]
 33818 | Orc:2    | Found Imameoqi's General Store.
 34119 | Orc:2    | Bought a scroll of acquirement for 624 gold pieces
 34119 | Orc:2    | Bought a wand of digging (2) for 100 gold pieces
 34119 | Orc:2    | Bought a wand of mindburst (3) for 50 gold pieces
 34136 | Orc:2    | Acquired a manual of Armour
 34215 | Orc:2    | Found Seode's Antique Armour Boutique.
 34277 | Orc:2    | Bought a transparent chain mail for 294 gold pieces
 34277 | Orc:2    | Identified the +0 chain mail of Impatience {Dex+5} (You
                  | bought it in a shop on level 2 of the Orcish Mines)
 34356 | Orc:2    | Found a staircase to the Elven Halls.
 34383 | Orc:2    | Reached XP level 15. HP: 145/145 MP: 14/14
 34563 | Orc:2    | Reached skill level 5 in Evocations
 35469 | Orc:2    | Found Cusoo's Jewellery Boutique.
 35469 | Orc:2    | Found a one-way gate leading to the halls of Pandemonium.
 35469 | Orc:2    | Found Osav's Antique Armour Shop.
 35506 | Orc:2    | Bought the necklace of Bloodlust {Fury *Rage Will++ Int-3
                  | Slay+6} for 679 gold pieces
 35506 | Orc:2    | Found the necklace of Bloodlust {Fury *Rage Will++ Int-3
                  | Slay+6}
 36379 | D:12     | Acquired the +1 cloak of Bedevilment {Str+7 Int+2 Dex+2}
 37586 | D:14     | Found a gate to the Vaults.
 38345 | D:14     | Reached skill level 15 in Shields
 38734 | D:15     | Entered Level 15 of the Dungeon
 38747 | D:15     | Received a gift from Trog
 39802 | D:15     | Found a staircase to the Depths.
 40081 | D:15     | Found Gozag's Platinum Reserve.
 40081 | D:15     | Found an opulent altar of Gozag.
 40236 | D:15     | Noticed a sphinx
 40994 | D:15     | Killed a sphinx
 40995 | D:15     | Reached XP level 16. HP: 118/156 MP: 15/15
 41616 | Spider:1 | Entered Level 1 of the Spider Nest
 44788 | Spider:2 | Acquired the ring of the Durable Peach {EV+5 Str+8 Int+3
                  | Dex+3 Stlth-}
 45130 | Orc:2    | Bought a pair of embroidered gloves for 232 gold pieces
 45179 | Orc:2    | Bought a pair of runed boots for 210 gold pieces
 45871 | Spider:3 | Noticed Jorgrun
 45883 | Spider:3 | Killed Jorgrun
 45956 | Spider:3 | Noticed Mlioglotl
 45965 | Spider:3 | Killed Mlioglotl
 46285 | Shoals:1 | Entered Level 1 of the Shoals
 46292 | Shoals:1 | Reached XP level 17. HP: 166/166 MP: 16/16
 46293 | Shoals:1 | Received a gift from Trog
 49156 | Shoals:3 | Noticed Louise
 49166 | Shoals:3 | Killed Louise
 49537 | Shoals:4 | Entered Level 4 of the Shoals
 49557 | Shoals:3 | Received a gift from Trog
 50101 | Shoals:4 | Identified the +2 dagger of Megalomania {distort, rElec
                  | rPois rN++ Dex-4}
 50686 | Shoals:4 | Got a barnacled rune of Zot
 50697 | Shoals:4 | Identified the ring "Gesuffyd" {+Blink rN+ Str+3 Dex+3}
 51518 | Spider:4 | Entered Level 4 of the Spider Nest
 52040 | Spider:4 | Reached ****** piety under Trog
 52724 | Spider:4 | Noticed Asterion
 52729 | Spider:4 | Killed Asterion
 52730 | Spider:4 | Reached XP level 18. HP: 178/178 MP: 17/17
 53175 | Spider:4 | Acquired a manual of Shields
 53237 | Spider:4 | Received a gift from Trog
 53264 | Spider:4 | Noticed Arachne
 53278 | Spider:4 | HP: 8/178 [poisoned by Arachne]
 54011 | Spider:4 | Killed Arachne
 54898 | Spider:4 | Noticed Kirke
 54922 | Spider:4 | Killed Kirke
 55438 | Spider:4 | Got a gossamer rune of Zot
 55850 | Vaults:1 | Entered Level 1 of the Vaults
 55894 | Vaults:1 | Found a huge runed gate.
 55894 | Vaults:1 | Found a huge runed gate.
 55894 | Vaults:1 | Found a huge runed gate.
 55894 | Vaults:1 | Found a huge runed gate.
 55894 | Vaults:1 | Found a huge runed gate.
 55895 | Vaults:1 | Found a huge runed gate.
 55895 | Vaults:1 | Found a huge runed gate.
 55895 | Vaults:1 | Found a huge runed gate.
 55895 | Vaults:1 | Found a huge runed gate.
 55896 | Vaults:1 | Found a huge runed gate.
 55905 | Vaults:1 | Found a huge runed gate.
 55905 | Vaults:1 | Found a huge runed gate.
 55905 | Vaults:1 | Found a huge runed gate.
 55905 | Vaults:1 | Found a huge runed gate.
 55905 | Vaults:1 | Found a huge runed gate.
 55905 | Vaults:1 | Found a huge runed gate.
 55906 | Vaults:1 | Found a huge runed gate.
 56039 | Vaults:1 | Found a huge runed gate.
 56039 | Vaults:1 | Found a huge runed gate.
 56042 | Vaults:1 | Found a huge runed gate.
 56042 | Vaults:1 | Found a huge runed gate.
 56042 | Vaults:1 | Found a huge runed gate.
 56042 | Vaults:1 | Found a huge runed gate.
 56042 | Vaults:1 | Found a huge runed gate.
 56042 | Vaults:1 | Found a huge runed gate.
 56043 | Vaults:1 | Found a huge runed gate.
 56044 | Vaults:1 | Found a huge runed gate.
 56046 | Vaults:1 | Found a huge runed gate.
 56054 | Vaults:1 | Found a huge runed gate.
 56054 | Vaults:1 | Found a huge runed gate.
 56054 | Vaults:1 | Found a huge runed gate.
 56054 | Vaults:1 | Found a huge runed gate.
 56054 | Vaults:1 | Found a huge runed gate.
 56054 | Vaults:1 | Found a huge runed gate.
 56055 | Vaults:1 | Found a huge runed gate.
 56056 | Vaults:1 | Found a huge runed gate.
 57251 | Vaults:1 | Received a gift from Trog
 59359 | Vaults:2 | Reached XP level 19. HP: 189/189 MP: 18/18
 59413 | Vaults:2 | Found Ygomab's Weapon Shoppe.
 59414 | Vaults:2 | Found Qinidoy's General Store.
 59509 | Vaults:2 | Noticed Sojobo
 59520 | Vaults:2 | Killed Sojobo
 60470 | Vaults:2 | Received a gift from Trog
 60622 | Vaults:2 | Found Opiwego's Antique Armour Shoppe.
 60665 | Vaults:2 | Found Posem's Weapon Shoppe.
 61705 | Vaults:3 | Found a staircase to the Crypt.
 61705 | Vaults:3 | Found a basalt altar of Yredelemnul.
 61705 | Vaults:3 | Found an ancient bone altar of Kikubaaqudgha.
 61917 | Vaults:3 | Received a gift from Trog
 63022 | Vaults:3 | Found a portal to a secret trove of treasure.
 63249 | Vaults:4 | Identified the +3 dagger of the Shimmering Genius {speed,
                  | rN+++ Str-4 Dex+6}
 63363 | Vaults:4 | Noticed Xtahua
 63369 | Vaults:4 | Killed Xtahua
 63701 | Vaults:4 | Reached XP level 20. HP: 202/202 MP: 19/19
 64280 | Vaults:4 | Identified the +3 hand axe of Qytoik {heavy, rC+ rN+++
                  | Will+ Dex-4} (Trog gifted it to you on level 4 of the
                  | Vaults)
 64280 | Vaults:4 | Received a gift from Trog
 65632 | Crypt:1  | Entered Level 1 of the Crypt
 66307 | Crypt:1  | You fall into a shaft and drop 1 floor!
 66407 | Crypt:2  | Received a gift from Trog
 68834 | Crypt:3  | Entered Level 3 of the Crypt
 68839 | Crypt:3  | Received a gift from Trog
 69078 | Crypt:3  | Found a staircase to the Tomb.
 69083 | Crypt:3  | Noticed an ancient lich
 69104 | Crypt:3  | Noticed Bai Suzhen
 69320 | Crypt:3  | Killed Bai Suzhen
 69321 | Crypt:3  | Reached XP level 21. HP: 214/214 MP: 20/20
 70411 | Crypt:3  | Received a gift from Trog
 70454 | Crypt:3  | HP: 7/167 [spectral spriggan defender (2)]
 70985 | Crypt:3  | Found an ancient bone altar of Kikubaaqudgha.
 71070 | Crypt:3  | Killed an ancient lich
 71290 | Crypt:3  | Identified the amulet "Wejesh" {Rampage Regen+ rCorr Int+4
                  | Dex-5 Slay+5}
 71290 | Crypt:3  | Identified the ring of Peinim {rN+ MP+9 Dex+4}
 71303 | Crypt:3  | Identified the ring of Gisev {Fly rElec Will+ Dex+4 SInv}
 71315 | Crypt:3  | Identified the +4 dire flail of Jairel {freeze, Dex+5}
 72283 | Depths:1 | Entered Level 1 of the Depths
 72284 | Depths:1 | Found a one-way gate to the infinite horrors of the Abyss.
 72286 | Depths:1 | Received a gift from Trog
 72656 | Depths:1 | Found a gateway to Hell.
 73406 | Depths:1 | Noticed a juggernaut
 73878 | Depths:1 | Killed a juggernaut
 74085 | Depths:2 | Found a glowing golden altar of the Shining One.
 74086 | Depths:2 | Found a runed translucent door.
 74111 | Depths:2 | Found the +10 Black Knight's barding {ponderous, rPois rN+}
 74167 | Depths:2 | Acquired the +2 hat "Jayrooho" {-Cast rCorr Slay+6 Stlth+}
 74529 | Depths:2 | Received a gift from Trog
 75778 | Depths:2 | Identified the ring "Ihycwu" {Ice Str-5 Int+7 Dex+4}
 76415 | Depths:2 | Reached XP level 22. HP: 195/226 MP: 21/21
 76422 | Depths:2 | Received a gift from Trog
 76770 | Depths:2 | Noticed a golden dragon
 76771 | Depths:2 | Identified the ring "Zier" {Contam rElec rPois Int+6 Dex+3}
 76771 | Depths:2 | Noticed Josephina
 77146 | Depths:2 | Killed Josephina
 77803 | Depths:3 | Found a magical portal.
 78078 | Depths:3 | Received a gift from Trog
 79236 | Depths:3 | Found a one-way gateway to a ziggurat.
 79374 | Depths:3 | HP: 4/228 [living spell/crystal spear[a walking crystal
                  | tome] (48)]
 79818 | Depths:3 | Identified the +10 battleaxe of Sloth {flame, rPois rF+
                  | Dex+3} (Trog gifted it to you on level 3 of the Depths)
 79818 | Depths:3 | Received a gift from Trog
 79912 | Depths:3 | Found Sevar's Magic Scroll Shop.
 79914 | Depths:3 | Found Vyunosez's Book Boutique.
 79914 | Depths:3 | Found Qifikh's Assorted Antiques.
 79917 | Depths:3 | Found Befalasie's Distillery.
 80076 | Depths:3 | Bought a potion of haste for 150 gold pieces
 80076 | Depths:3 | Bought 2 potions of heal wounds for 150 gold pieces
 80082 | Depths:3 | Bought a scroll of blinking for 165 gold pieces
 80082 | Depths:3 | Bought a scroll of teleportation for 66 gold pieces
 80082 | Depths:3 | Bought a scroll of teleportation for 66 gold pieces
 80082 | Depths:3 | Bought a scroll of enchant armour for 165 gold pieces
 80082 | Depths:3 | Bought a scroll of teleportation for 66 gold pieces
 80085 | Depths:3 | Bought a scintillating marble ring for 175 gold pieces
 80085 | Depths:3 | Identified the ring "Ydio" {Ice *Slow rN+++ Dex-2 SInv}
                  | (You bought it in a shop on level 3 of the Depths)
 80085 | Depths:3 | Bought a scroll of teleportation for 105 gold pieces
 80352 | Depths:3 | Acquired 893 gold pieces
 80460 | Depths:3 | Identified the +2 quarterstaff of World's End {heavy, rPois
                  | rC+}
 80460 | Depths:3 | Identified the +11 quarterstaff of Enejenen {venom, Will+}
 80468 | Depths:4 | Entered Level 4 of the Depths
 80468 | Depths:4 | Noticed Grunn
 81047 | Depths:4 | Noticed Parghit
 81581 | Depths:4 | Reached skill level 27 in Shields
 83240 | Depths:4 | Killed Grunn
 83558 | Depths:4 | Killed Parghit
 83800 | Depths:4 | Found Hankiddo's Assorted Antiques.
 83970 | Depths:4 | Bought a scroll of teleportation for 69 gold pieces
 83986 | Depths:4 | Found a basalt altar of Yredelemnul.
 84029 | Depths:4 | Reached XP level 23. HP: 236/238 MP: 22/22
 84045 | Depths:4 | Reached skill level 5 in Dodging
 84237 | Depths:4 | Found Fiown's Armour Emporium.
 84343 | Depths:4 | Found a gate to the Realm of Zot.
 84548 | Depths:4 | Received a gift from Trog
 85426 | Vaults:5 | Entered Level 5 of the Vaults
 86657 | Vaults:5 | Reached skill level 27 in Fighting
 87059 | Vaults:5 | Identified the +4 broad axe of Puomagg {heavy, rF+ rCorr
                  | Dex+2 Stlth+} (Trog gifted it to you on level 5 of the
                  | Vaults)
 87059 | Vaults:5 | Received a gift from Trog
 87585 | Vaults:5 | Found Kog Quus's Book Shoppe.
 87860 | Vaults:5 | Received a gift from Trog
 87864 | Vaults:5 | Noticed an ancient lich
 87867 | Vaults:5 | Killed an ancient lich
 87867 | Vaults:5 | Noticed a dread lich
 87868 | Vaults:5 | Reached skill level 27 in Armour
 87870 | Vaults:5 | Killed a dread lich
 87885 | Vaults:5 | Reached skill level 10 in Dodging
 88229 | Vaults:5 | Got a silver rune of Zot
 88626 | Vaults:5 | Identified the +2 helmet "Runaogh" {rN+ Will- rCorr MP+9}
 88645 | Vaults:5 | Identified the staff of fire "Dingih" {rElec rF+ Will+
                  | Str+6 Dex-4}
 88653 | Vaults:5 | Identified the +1 halberd of Titz {vamp, rElec}
 88655 | Vaults:5 | Identified the +7 dagger "Kuklybbi" {elec, rC- Str+4}
 88666 | Vaults:5 | Identified the +4 plate armour of the Slorg {rC+ rN+
                  | Stlth+}
 89104 | Slime:1  | Entered Level 1 of the Pits of Slime
 89206 | Slime:2  | Noticed Dissolution
 89216 | Slime:2  | Paralysed by a floating eye for 2 turns
 89221 | Slime:2  | Killed Dissolution
 90623 | Slime:3  | Reached XP level 24. HP: 249/249 MP: 22/22
 91907 | Slime:4  | Received a gift from Trog
 93361 | Zot:1    | Entered Level 1 of the Realm of Zot
 93591 | Zot:1    | Identified the +0 ring mail "Kol Toit" {rN++ rCorr Dex+2
                  | Stlth+}
 93595 | Zot:1    | Noticed an orb of fire
 93600 | Zot:1    | Gained mutation: Your body sometimes deteriorates upon
                  | taking damage. [an orb of fire]
 93601 | Zot:1    | Killed an orb of fire
 94428 | Zot:2    | Noticed an orb of fire
 94429 | Zot:2    | Gained mutation: You sometimes lose your temper in combat.
                  | [an orb of fire]
 94440 | Zot:2    | Killed an orb of fire
 95543 | Zot:2    | Identified the ring of Qeghoina {Int+5 Dex+6}
 95693 | Zot:3    | Noticed an orb of fire
 95699 | Zot:3    | Gained mutation: Armour fits poorly on your strangely
                  | shaped body. [an orb of fire]
 95700 | Zot:3    | Gained mutation: You are frail. (-10% HP) [an orb of fire]
 95702 | Zot:3    | Killed an orb of fire
 95798 | Zot:3    | Reached skill level 15 in Dodging
 96423 | Zot:3    | Received a gift from Trog
 97153 | Zot:3    | Found a runed translucent gate.
 97156 | Zot:3    | Found a runed translucent gate.
 97156 | Zot:3    | Found a runed translucent gate.
 97158 | Zot:3    | Noticed Ikkusishu's ghost (adept MeHs)
 97158 | Zot:3    | Noticed Jiorhin's ghost (legendary TrBe)
 98422 | Zot:4    | Identified the +5 quarterstaff of Dung {freeze, +Blink
                  | rN+++ Int+2 Dex-3}
 98759 | Zot:5    | Entered Level 5 of the Realm of Zot
 99103 | Zot:4    | Reached XP level 25. HP: 231/231 MP: 2/22
 99410 | Zot:5    | Noticed an ancient lich
 99418 | Zot:5    | Killed an ancient lich
100590 | Zot:5    | Noticed an orb of fire
100590 | Zot:5    | Noticed an orb of fire
100591 | Zot:5    | Noticed a Killer Klown
100596 | Zot:5    | Gained mutation: You are very dopey. (Int -4) [an orb of
                  | fire]
100597 | Zot:5    | Noticed an orb of fire
100598 | Zot:5    | Noticed a Killer Klown
100599 | Zot:5    | Killed an orb of fire
100607 | Zot:5    | Killed an orb of fire
100609 | Zot:5    | Gained mutation: Your body often deteriorates upon taking
                  | damage. [an orb of fire]
100610 | Zot:5    | Killed an orb of fire
100622 | Zot:5    | Killed a Killer Klown
100624 | Zot:5    | Killed a Killer Klown
100898 | Zot:5    | Noticed an orb of fire
100903 | Zot:5    | Received a gift from Trog
100903 | Zot:5    | Noticed an orb of fire
100908 | Zot:5    | Noticed a Killer Klown
100909 | Zot:5    | Killed an orb of fire
100910 | Zot:5    | Noticed a Killer Klown
100914 | Zot:5    | Killed an orb of fire
101501 | Zot:5    | Killed a Killer Klown
101516 | Zot:5    | Killed a Killer Klown
101783 | Zot:5    | Got the Orb of Zot
101826 | Zot:5    | Noticed Zepnirr the pandemonium lord
102084 | D:12     | Noticed Buram the pandemonium lord
102109 | D:10     | Noticed Tuid the pandemonium lord
102275 | D:1      | Acquired 1195 gold pieces
102278 | D:$      | Escaped with the Orb!

Illustrated notes

Levels and vault maps discovered:
D:1:      matt_arrival_refuge, layout_rooms, serial_shops,
          nicolae_shop_waterfront, minmay_hexomino_c4
D:2:      minmay_alternating_diamond, layout_loops_cross, uniq_sigmund
D:3:      layout_basic, ebering_ecumenical_altar_rust, uniq_grinder
D:4:      layout_loops_ring, tso_oasis_becter, nicolae_shop_gadgets
D:5:      layout_cave_pods, uniq_blork_the_orc, uniq_edmund, uniq_menkaure,
          uniq_duvessa
D:6:      layout_rooms, trog_butcher_becter,
          mainiacjoe_overflow_small_starburst, minmay_temple_entry_tees,
          nicolae_eternal_life
D:7:      layout_layer_cave
D:8:      layout_basic
D:9:      layout_cave_pods, slow_altar_1, orc_0_dummy, enter_bailey_1,
          laboratory
D:10:     layout_cave_pools, dpeg_oklobed_lair, uniq_amaemon
D:11:     layout_basic, serial_undead, serial_undead_c, serial_undead_d,
          serial_undead_c, serial_undead_a
D:12:     layout_basic, minmay_the_grid_square_5x5_3x3_mashed
          [minmay_the_grid_square_5x5_inner_i,
          minmay_the_grid_square_5x5_six_small,
          minmay_the_grid_square_5x5_forky,
          minmay_the_grid_square_5x5_checkered_sparse,
          minmay_the_grid_square_5x5_megaprize_open,
          minmay_the_grid_square_5x5_three, minmay_the_grid_square_5x5_inner_z,
          minmay_the_grid_square_5x5_hourglass,
          minmay_the_grid_square_5x5_eight], uniq_urug, uniq_erolcha
D:13:     layout_rooms
D:14:     layout_rooms, erik_vaults_1, minivault_24, minivault_16
D:15:     grunt_enter_depths_snipers, layout_cave_pools,
          nicolae_gozag_zags_fifth_avenue, minivault_28
Lair:1:   layout_roguey, portal_ice_cave_entry_pillars_1,
          lightli_volcano_entry_magma_tube, gammafunk_ghost_split,
          serial_bayou_shore_a
Lair:2:   layout_chaotic_city, shoals_dummy_entry, gammafunk_ghost_ooze,
          minivault_23, grunt_megastairs_3, lemuel_fruit_fields
Lair:3:   layout_chaotic_city, spider_nest_entry_web_field,
          gammafunk_ghost_necromancy, lemuel_fruit_fields, uniq_gastronok,
          uniq_rupert
Lair:4:   layout_roguey, nicolae_slime_entry_slimehenge, basic_altar
Lair:5:   cheibrodos_lair_end_hotspot, layout_layer_cave, basic_altar
Shoals:1: layout_shoals
Shoals:2: layout_shoals, uniq_frances
Shoals:3: layout_shoals, nicolae_shoals_stone_sculpture_thing, uniq_louise
Shoals:4: shoals_end_hellmonk_lost_city
Spider:1: layout_spider_delve, nicolae_spider_paper_wasps
Spider:2: layout_spider_delve, hellmonk_spider_spawner
Spider:3: layout_spider_delve, hangedman_spider_tarantella_strand,
          uniq_mlioglotl, uniq_jorgrun
Spider:4: johnstein_spider_rune_arachne_lair, uniq_asterion, uniq_kirke
Slime:1:  layout_caves
Slime:2:  layout_caves, uniq_dissolution
Slime:3:  layout_caves
Slime:4:  cheibrodos_slime_lost_civilization_2, layout_caves
Orc:1:    layout_diamond_mine, serial_shops, nicolae_shop_drivethru
Orc:2:    pf_orc_diabolical, layout_caves, guppyfry_orc_lava_fort
Vaults:1: gammafunk_ghost_door_vault, nicolae_vaults_double_plus_2,
          ontoclasm_vaults_loading_screen, v_misc_18,
          vaults_mumra_minichess_inversion, nicolae_vaults_little_squares_6,
          hangedman_vaults_nodes, nicolae_vaults_diamond_1,
          layout_vaults_big_room
Vaults:2: nicolae_vaults_network_quincunx
          [nicolae_vaults_network_quincunx_subvault,
          nicolae_vaults_network_quincunx_subvault,
          nicolae_vaults_network_quincunx_subvault,
          nicolae_vaults_network_quincunx_subvault,
          nicolae_vaults_network_quincunx_subvault],
          hangedman_vaults_restitches, grunt_vaults_hallway_short,
          hangedman_vaults_corner_blocks, nicolae_vaults_trapezoid_lopsided_3,
          vaults_room_ringed_pool, nicolae_vaults_house_3,
          nicolae_vaults_layer_cake_slice, nicolae_vaults_door_testing_chamber,
          nicolae_vaults_sealed_display, vaults_mumra_hexcomb,
          layout_vaults_omnigrid, serial_shops, nicolae_shop_hallway_stairs,
          nicolae_shop_peninsula, shop, shop_statue, uniq_sojobo
Vaults:3: nicolae_vaults_circle_grid_a, minmay_crypt_entry_necro_gods,
          v_alt_pattern_4, vaults_mumra_bighexcomb,
          nicolae_vaults_trapezoid_lopsided_2, v_misc_1,
          nicolae_vaults_little_squares_2, v_misc_31,
          nicolae_vaults_specimen_jars, nicolae_vaults_three_branches,
          hangedman_vaults_locks, nicolae_vaults_heart-shaped_vault,
          nicolae_vaults_little_squares_3, layout_vaults_omnibox,
          nicolae_trove_entry_crystal
Vaults:4: nicolae_vaults_trapezoid_2, nicolae_vaults_trapezoid_lopsided_4,
          nicolae_vaults_wrenched, st_octagons_1, ontoclasm_vaults_spin,
          nicolae_vaults_closet_pinwheel_1, nicolae_vaults_border_crossing,
          grunt_vaults_funnel, hangedman_vaults_stretched_pinwheel, v_misc_2,
          nicolae_vaults_apartment_1, vaults_room_stairs_pillars,
          nicolae_vaults_trapezoid_2, nicolae_vaults_storage_room_statues,
          layout_vaults_ring, uniq_xtahua
Vaults:5
Crypt:1:  layout_gridlike, grunt_crypt_arrival_guarded_gate, grunt_megastairs_1
Crypt:2:  layout_chaotic_city, serial_sigils_hangedman_shear
Crypt:3:  church_of_pain_bobbens, layout_chaotic_city, uniq_bai_suzhen
Depths:1: layout_roguey, hellmouth_1, minmay_misc_feat_doors,
          abyss_entry_glasseish, wad_dig_loot
Depths:2: evilmike_halls_of_destruction, layout_long_grid, grunt_hell_horde,
          pan_entry, st_stairs_11, nicolae_wwwww, lemuel_angel_altar,
          infiniplex_staircase_pillars_3a, uniq_josephina
Depths:3: dreamdust_experimentation, layout_twisted_cross, enter_ziggurat_c,
          abyss_entry, hangedman_tar_grid_catacomb, mu_enter_wizlab_1,
          roderic_filled_cross, nicolae_rock_paper_scissors,
          infiniplex_staircase_pool_2, minmay_shoptagon, firewood_loft
Depths:4: evilmike_zot_entry_round, layout_cave_pools, serial_shops, shop,
          shop_statue, yredelemnul_altar_generic, hell_entry,
          lemuel_freeze_loot_1, uniq_parghit, uniq_grunn
Zot:1:    layout_misc_corridors
Zot:2:    layout_concentric_octagons
Zot:3:    layout_cathedral_of_symmetry, gammafunk_ghost_cemetery
Zot:4:    layout_concentric_octagons
Zot:5:    layout_misc_corridors

Skill      XL: |  1  2  3  4  5  6  7  8  9 10 11 12 13 14 15 16 17 18 19 20 21 22 23 24 25 |
---------------+----------------------------------------------------------------------------+-----
Axes           | 4 5 6 7 8 10 11 12 14 15 16 17 18 19 20 21 22 23 24 25 26 | 26.3
Fighting       | 4 5 6 7 8 10 11 12 14 15 16 17 18 19 21 22 24 25 26 27 | 27.0
Armour         | 3 4 5 7 8 9 11 12 14 15 16 19 22 23 24 25 26 27 | 27.0
Shields        | 1 5 7 9 11 13 14 15 16 18 21 23 24 26 27 | 27.0
Evocations     | 4 5 6 8 |  8.5
Dodging        | 4 11 16 19 | 19.0

Action                     |  1- 3 |  4- 6 |  7- 9 | 10-12 | 13-15 | 16-18 | 19-21 | 22-24 | 25-27 || total
---------------------------+-------+-------+-------+-------+-------+-------+-------+-------+-------++-------
  Melee: Hand axe          |    77 |    56 |       |       |       |       |       |       |       ||   133
         Headbutt          |    11 |    15 |    44 |   101 |   166 |   173 |   191 |   183 |    22 ||   906
         Punch             |     1 |     1 |     1 |       |       |       |       |       |       ||     3
         War axe           |       |    35 |   233 |   188 |       |       |       |       |       ||   456
         Broad axe         |       |       |       |   243 |   716 |   797 |   770 |   728 |   118 ||  3372
 Invoke: Berserk           |     1 |     1 |     5 |    12 |    17 |     1 |     1 |     4 |     2 ||    44
         Trog's Hand       |       |     2 |     2 |     6 |    12 |     5 |     5 |    12 |     4 ||    48
  Evoke: Wand              |       |       |       |       |     3 |     1 |     2 |     3 |     2 ||    11
    Use: Scroll            |       |       |       |    22 |    13 |    12 |    17 |    17 |     8 ||    89
         Potion            |       |       |       |     2 |     3 |     2 |    18 |     2 |     5 ||    32
   Stab: Petrified         |       |       |       |       |     2 |       |       |       |       ||     2
         Petrifying        |       |       |       |       |     1 |       |       |       |       ||     1
         Invisible         |       |       |       |       |       |       |     2 |       |       ||     2
 Armour: Animal skin       |     5 |       |       |       |       |       |       |       |       ||     5
         Scale mail        |    20 |       |       |       |       |       |       |       |       ||    20
         Chain mail        |     6 |    54 |   111 |   227 |    11 |       |       |       |       ||   409
         Plate armour      |       |       |       |       |   359 |   349 |   200 |    87 |       ||   995
         Gold dragon scale |       |       |       |       |       |       |       |   160 |    26 ||   186
  Dodge: Dodged            |    46 |    38 |    85 |   197 |   245 |   313 |   155 |   261 |    81 ||  1421
  Block: Kite shield       |       |       |    58 |   320 |   407 |   316 |       |       |       ||  1101
         Buckler           |       |       |       |    60 |   201 |       |       |       |       ||   261
         Reflection        |       |       |       |     1 |    42 |       |       |       |       ||    43
         Tower shield      |       |       |       |       |       |   459 |   531 |   734 |   151 ||  1875
